 Dungeon Crawl Stone Soup version 0.29.0-4-gdea44cf6ec (webtiles) character file.

Game seed: 17417278419428416203

8 qw the Sneak (level 2, -3/19 HPs)
             Began as a Gargoyle Delver on Sept 10, 2022.
             Slain by a water moccasin (5 damage)
             ... on level 5 of the Dungeon.
             The game lasted 00:00:06 (334 turns).

qw the Sneak (Gargoyle Delver)                       Turns: 334, Time: 00:00:06

Health: -3/19      AC:  5    Str: 15    XL:     2   Next: 8%
Magic:  2/2        EV: 11    Int: 10    God:
Gold:   17         SH:  0    Dex: 11    Spells: 1/1 levels left

rFire   . . .      SeeInvis .   a - +0 hand axe
rCold   . . .      Faith    .   (no shield)
rNeg    + . .      Spirit   .   b - +0 leather armour
rPois   inf        Reflect  .   (no helmet)
rElec   +          Harm     .   (no cloak)
rCorr   .          Rampage  .   (no gloves)
Will    .....                   (no boots)
Stlth   +++.......              (no amulet)
HPRegen 0.06/turn               (no ring)
MPRegen 0.08/turn               (no ring)

@: no status effects
A: sickness immunity, AC +2, negative energy resistance 1, electricity
resistance, torment resistance 1, petrification resistance
a: no special abilities


You were on level 5 of the Dungeon.
You visited 1 branch of the dungeon, and saw 1 of its levels.

You collected 17 gold pieces.


Innate Abilities, Weirdness & Mutations

You are immune to sickness and miasma.
Your stone body is resilient. (AC +2)
You are immune to poison.
You resist negative energy. (rN+)
You are resistant to electric shocks. (rElec)
You are resistant to unholy torment.
You are immune to petrification.


   Skills:
 - Level 3.2 Fighting
 + Level 2.5 Axes
 - Level 1.5 Dodging
 - Level 5.4 Stealth


You had one spell level left.
You didn't know any spells.
Your spell library was empty.

Inventory:

Hand Weapons
 a - a +0 hand axe (weapon)
 h - a +0 flail
Armour
 b - a +0 leather armour (worn)
Wands
 g - a wand of digging (3)
Scrolls
 c - a scroll of fog
 d - a scroll of magic mapping
 e - a scroll of fear
Potions
 f - a potion of haste
 i - a potion of mutation {unknown}

Dungeon Overview and Level Annotations

Branches:
Dungeon (5/15)
 Temple: D:4-7

Altars:


Message History

The water moccasin is lightly wounded.
The water moccasin closely misses you.
You miss the water moccasin.
The water moccasin is lightly wounded.
You closely miss the hound.
The water moccasin completely misses you.
The hound closely misses you. The water moccasin closely misses you.
The hound completely misses you.
You hit the water moccasin.
The water moccasin is lightly wounded.
You hit the hound but do no damage. The hound closely misses you.
The water moccasin bites you but does no damage.
The hound bites you but does no damage.
You closely miss the water moccasin.
The water moccasin is lightly wounded.
You hit the hound but do no damage.
The water moccasin bites you but does no damage.
The hound barely misses you. The water moccasin bites you.
You miss the water moccasin.
The water moccasin is lightly wounded.
You closely miss the hound. The hound barely misses you.
The water moccasin bites you but does no damage.
The hound bites you. The water moccasin barely misses you.
You miss the water moccasin.
The water moccasin is lightly wounded.
You hit the hound. The hound bites you. The water moccasin bites you.
The hound closely misses you.
You hit the water moccasin.
The water moccasin is lightly wounded.
You closely miss the hound. The water moccasin misses you.
The hound barely misses you. The water moccasin barely misses you.
The hound barely misses you.
You hit the water moccasin.
The water moccasin is moderately wounded.
You barely miss the hound. The water moccasin closely misses you.
The hound closely misses you. The water moccasin bites you.
You die...

...#####)..#o.# #
##.###.#.# #.#
...## #.####....
#########....>....
.................#
##########.......#
####.......#
#@...#####.#
#.hS#### . #.....
#...... ......=..
###........
#..!......
#.......###


You could see a water moccasin and a hound.

Vanquished Creatures
  4 orcs (D:5)
4 creatures vanquished.

Notes
Turn   | Place    | Note
-------+----------+-------------------------------------------
     0 | D:5      | qw the Gargoyle Delver began the quest for the Orb.
     0 | D:5      | Reached XP level 1. HP: 14/14 MP: 1/1
     0 | D:5      | 0 ||| qw: Version: 0.1-a-116-g5d60599
     0 | D:5      | 0 ||| qw: Game counter: 8866
     0 | D:5      | 0 ||| qw: Always use a shield: true
     0 | D:5      | 0 ||| qw: God list: Okawaru
     0 | D:5      | 0 ||| qw: Allow faded altars: false
     0 | D:5      | 0 ||| qw: Do Orc after D:15 true
     0 | D:5      | 0 ||| qw: Do second Lair branch before Depths: true
     0 | D:5      | 0 ||| qw: Lair rune preference: random
     0 | D:5      | 0 ||| qw: Plans: Normal
     0 | D:5      | 0 ||| PLANNING D:1-11
    10 | D:5      | 10 ||| Stepping ~*~*~tactically~*~*~ (stealth).
    60 | D:5      | 60 ||| Stepping ~*~*~tactically~*~*~ (stealth).
    63 | D:5      | 63 ||| Stepping ~*~*~tactically~*~*~ (stealth).
    71 | D:5      | Paralysed by an orc for 3 turns
   321 | D:5      | Noticed a hound
   325 | D:5      | Noticed a water moccasin
   327 | D:5      | Reached XP level 2. HP: 15/19 MP: 2/2
   332 | D:5      | HP: 4/19 [hound (4)]
   334 | D:5      | Slain by a water moccasin

Levels and vault maps discovered:
D:5:      layout_rooms, minmay_misc_feat_tower, minivault_5, minmay_small_thing

Skill      XL: |  1 |
---------------+----+-----
Axes           | 2 |  2.5
Fighting       | |  3.2
Dodging        | |  1.5
Stealth        | |  5.4

Action                   || total
-------------------------++-------
Melee: Hand axe          ||    27
Armor: Leather armour    ||     7
Dodge: Dodged            ||    26

Table legend:
 A = Non-vault XP
 B = Vault XP
 C = Vault XP percentage of total XP
 D = Non-vault monster count
 E = Vault monster count
 F = Vault count percentage of total count
                 A         B        C        D         E       F
            +---------+---------+-------+---------+---------+-------
      Total |      12 |       0 |   0.0 |       4 |       0 |   0.0
            +---------+---------+-------+---------+---------+-------
        D:5 |      12 |       0 |   0.0 |       4 |       0 |   0.0
            +---------+---------+-------+---------+---------+-------
